 Dungeon Crawl Stone Soup version 0.31-a0-618-g7ca08c1ff9 (webtiles) character file.

Game seed: 8658532703703896264

46 thirtiethelement the Trooper (level 3, 0/29 HPs)
             Began as a Demonspawn Cinder Acolyte on Aug 23, 2023.
             Was a High Priest of Ignis.
             Slain by an orc
             ... wielding a +0 flail
              (2 damage)
             ... on level 3 of the Dungeon.
             The game lasted 00:03:21 (1580 turns).

thirtiethelement the Trooper (DsCA)                 Turns: 1580, Time: 00:03:21

Health: 0/29       AC: 12    Str: 16    XL:     3   Next: 44%
Magic:  4/4        EV:  4    Int: 21    God:    Ignis [*****.]
Gold:   128        SH:  0    Dex:  8    Spells: 2/4 levels left

rFire   + . .        f - +2 mace (protect)
rCold   . . .        (no shield)
rNeg    . . .        c - +0 plate armour
rPois   .            (no helmet)
rElec   .            (no cloak)
rCorr   .            (no gloves)
SInv    .            (no boots)
Will    .....        (no amulet) Stlth
                     g - +6 ring of intelligence
HPRegen 0.24/turn    (no ring)
MPRegen 0.09/turn

%: no passive effects
@: confused
A: icy blue scales 1
a: Renounce Religion, Fiery Armour, Foxfire Swarm, Rising Flame


You were on level 3 of the Dungeon.
You worshipped Ignis.
Ignis was extremely pleased with you.
You visited 1 branch of the dungeon, and saw 3 of its levels.

You collected 128 gold pieces.

Inventory:

Hand Weapons
 f - a +2 mace of protection (weapon)
Armour
 c - a +0 plate armour (worn)
Jewellery
 g - a +6 ring of intelligence (left hand)
Scrolls
 a - 2 scrolls of blinking {unknown}
 e - 2 scrolls of teleportation {unknown}
Potions
 b - a potion of brilliance {unknown}
 d - a potion of curing {unknown}
 h - 2 potions of invisibility {unknown}
 i - a potion of heal wounds {unknown}
 j - a potion of ambrosia {unknown}


   Skills:
 + Level 3.4 Fighting
 * Level 3.1(3.2) Axes
 + Level 0.7(2.1) Maces & Flails
 * Level 0.3 Armour
 + Level 1.1 Spellcasting
 + Level 3.0 Fire Magic


You had 2 spell levels left.
You knew the following spells:

 Your Spells              Type           Power      Damage    Failure   Level
a - Scorch                Fire           28%        2d6       99%         2

Your spell library contained the following spells:

 Spells                   Type           Power      Damage    Failure   Level
 Lesser Beckoning         Tloc           2%         N/A       100%        2
 Gell's Gravitas          Tloc           1%         N/A       100%        3
 Teleport Other           Tloc           1%         N/A       100%        3


Dungeon Overview and Level Annotations

Branches:
Dungeon (3/15)

Altars:

Shops:
D:1 (


Innate Abilities, Weirdness & Mutations

You are partially covered in icy blue scales. (AC +2)


Message History

The puff of flame hits you but does no damage.
The endoplasm hits you but does no damage.
The endoplasm freezes you.
You are frozen.
You closely miss the endoplasm.
The endoplasm is heavily wounded.
Something hits you but does no damage.
The endoplasm hits you but does no damage.
The orc hits you but does no damage.
You hear some strange, mumbled words.
You are more confused.
The endoplasm hits you but does no damage.
You bump into the rock wall.
Something hits you. The orc hits you with a +0 flail.
The endoplasm hits you but does no damage.
You hit the endoplasm.
Your weapon exudes an aura of protection.
You kill the endoplasm!
You closely miss something. Something hits you but does no damage.
The orc hits you but does no damage. Something hits you but does no damage.
You hear some strange, mumbled words.
A puff of flame appears from out of thin air!
The puff of flame hits you. You resist.
You're too confused to move!
The orc barely misses you.
Something hits you but does no damage. x2
You're too confused to move!
The orc barely misses you. Something completely misses you.
You hear some strange, mumbled words.
A puff of flame appears from out of thin air!
The puff of flame hits you. You resist.
* * * LOW HITPOINT WARNING * * *
You bump into the rock wall.
The orc hits you with a +0 flail.
* * * LOW HITPOINT WARNING * * *
You hear some strange, mumbled words.
A puff of flame appears from out of thin air!
The puff of flame hits you but does no damage.
You resist. Something hits you.
* * * LOW HITPOINT WARNING * * *
You bump into the rock wall.
The orc hits you with a +0 flail.
You die...

...####.# #### #.# #g## #
#.### ..g# # #...# ...# #
#####.# ...# #####.....#
...# ...##.##..# >..#
...##.##..########...####
...##.##..##....@o.......
......##........{{.......
...##...†.............$..
...##.###.#.####.#...#.##
...##.###.#.# #.#...# #
....#.##..#.# #.#...#
###.#.##.##.# #.#...#
#.#.......# #.#...#
###.####.#### #.. ..


You could see an orc.

Vanquished Creatures
  A worm (D:2)
  2 endoplasms
  3 giant cockroaches
  5 goblins
  5 hobgoblins
  2 quokkas
  4 ball pythons
  5 bats
  A frilled lizard (D:2)
  7 kobolds
  4 rats (D:1)
39 creatures vanquished.

Notes
Turn   | Place    | Note
-------+----------+-------------------------------------------
     0 | D:1      | thirtiethelement the Demonspawn Cinder Acolyte began the
                  | quest for the Orb.
     0 | D:1      | Reached XP level 1. HP: 18/18 MP: 2/2
   274 | D:1      | Gained mutation: You are partially covered in icy blue
                  | scales. (AC +2) [demonic ancestry]
   274 | D:1      | Reached XP level 2. HP: 14/24 MP: 3/3
   279 | D:1      | Learned a level 2 spell: Scorch
   428 | D:1      | Found Xuplenn's Weapon Shop.
   958 | D:2      | Found a faded altar of an unknown god.
  1143 | D:2      | Reached XP level 3. HP: 29/29 MP: 4/4
  1580 | D:3      | Slain by an orc

Illustrated notes

Levels and vault maps discovered:
D:1:      dpeg_arrival_pits, layout_basic, serial_shops,
          nicolae_shop_back_alley_shop, minmay_tiny_reverse_x
D:2:      layout_basic, ebering_ecumenical_altar_rust
D:3:      layout_loops_cross, nicolae_overflow_squiral, uniq_robin

Skill      XL: |  1  2 |
---------------+-------+-----
Fire Magic     | 3 |  3.0
Axes           | 3 |  3.1
Fighting       | |  3.4
Maces & Flails | |  0.7
Armour         | |  0.3
Spellcasting   | |  1.1

Action                     || total
---------------------------++-------
  Melee: Hand axe          ||    20
         Punch             ||     1
         Mace              ||    81
 Armour: Plate armour      ||   126
  Dodge: Dodged            ||    28

Table legend: (Time is in decaauts)
 A = Elapsed time spent in this place.
 B = Non-inter-level travel time spent in this place.
 C = Inter-level travel time spent in this place.
 D = Time resting spent in this place.
 E = Time spent auto-exploring this place.
 F = Levels seen in this place.
 G = Mean time per level.
                   A        B        C        D        E       F      G
               +--------+--------+--------+--------+--------+-----+--------+
         Total |   1606 |   1530 |     76 |      0 |   1209 |   3 |  535.3 |
       Dungeon |   1606 |   1530 |     76 |      0 |   1209 |   3 |  535.3 |
               +--------+--------+--------+--------+--------+-----+--------+

Top non-repeatable levels by time:
     D:1: 845 daAuts
     D:2: 616 daAuts
     D:3: 145 daAuts
